 Dungeon Crawl Stone Soup version 0.29.0-15-g675c0067aa (webtiles) character file.

Game seed: 18318247111695864877

11867 qw the Severer (level 11, -4/106 HPs)
             Began as a Minotaur Berserker on Sept 11, 2022.
             Was an Elder of Trog.
             Slain by a skeletal warrior
             ... wielding a +0 short sword
              (11 damage)
             ... on level 11 of the Dungeon.
             The game lasted 00:04:15 (13763 turns).

qw the Severer (Minotaur Berserker)                Turns: 13763, Time: 00:04:15

Health: -4/106     AC: 10    Str: 26    XL:     11   Next: 55%
Magic:  10/10      EV: 14    Int:  4    God:    Trog [****..]
Gold:   674        SH:  0    Dex: 10    Spells: 10/10 levels left

rFire   . . .      SeeInvis .   Y - +2 war axe (drain)
rCold   + . .      Faith    .   (no shield)
rNeg    . . .      Spirit   .   h - +0 chain mail
rPois   .          Reflect  .   (helmet restricted)
rElec   .          Harm     .   k - scarf {repulsion}
rCorr   .          Rampage  .   (no gloves)
Will    .....                   (no boots)
Stlth   ..........              (no amulet)
HPRegen 0.27/turn               e - +4 ring of evasion
MPRegen 0.12/turn               a - ring of protection from cold

@: about to teleport, on berserk cooldown, slowed, repel missiles, very slow
A: horns 2, retaliatory headbutt
a: Renounce Religion, Berserk, Trog's Hand, Brothers in Arms


You were on level 11 of the Dungeon.
You worshipped Trog.
Trog was greatly pleased with you.
You visited 1 branch of the dungeon, and saw 11 of its levels.

You collected 674 gold pieces.


Innate Abilities, Weirdness & Mutations

You have a pair of horns on your head.
You reflexively headbutt those who attack you in melee.


   Skills:
 + Level 12.9 Fighting
 - Level 16.0 Axes
 - Level 8.0 Armour
 - Level 5.0 Dodging


You had 10 spell levels left.
You didn't know any spells.
Your spell library was empty.

Inventory:

Hand Weapons
 p - a -2 demon whip of venom
 Y - a +2 war axe of draining (weapon)
Armour
 d - a +1 cloak
 h - a +0 chain mail (worn)
 k - a scarf of repulsion (worn)
Jewellery
 a - a ring of protection from cold (right hand)
 b - a ring of positive energy
 e - a +4 ring of evasion (left hand)
 n - a ring of willpower
Scrolls
 i - a scroll of identify
 m - a scroll of teleportation
 q - a scroll of silence {unknown}
Potions
 c - a potion of flight {unknown}
 f - a potion of haste
 g - a potion of mutation {unknown}
 j - 3 potions of heal wounds
 l - a potion of cancellation {unknown}
 o - 6 potions of curing

Dungeon Overview and Level Annotations

Branches:
Dungeon (11/15)            Temple (0/1) D:6             Orc (0/2) D:10
   Lair: D:8-11

Altars:
Gozag
Hepliaklqana
Nemelex Xobeh
Okawaru
Trog
Vehumet
Wu Jian
Yredelemnul

Annotations:
D:2 1 runed translucent door, Crazy Yiuf


Message History

Things that are here:
a +2 trident of protection; 14 gold pieces You slash the skeletal warrior!
The skeletal warrior is moderately damaged.
You barely miss the skeletal warrior.
The skeletal warrior is moderately damaged.
The skeletal warrior hits you with a +0 short sword!
The skeletal warrior hits you from afar with a +0 trident!
You slice the skeletal warrior!!
The skeletal warrior is severely damaged.
You closely miss the skeletal warrior.
Your headbutt misses the skeletal warrior.
The skeletal warrior is severely damaged.
The skeletal warrior barely misses you.
The skeletal warrior hits you from afar with a +0 trident!
You closely miss the skeletal warrior.
The skeletal warrior is severely damaged.
You closely miss the skeletal warrior. You barely miss the skeletal warrior.
Your headbutt misses the skeletal warrior.
The skeletal warrior is severely damaged.
You slash the skeletal warrior!
You are no longer berserk.
You are exhausted.
You feel yourself slow down.
The skeletal warrior hits you with a +0 hand axe!
The skeletal warrior hits you with a +0 short sword!
The skeletal warrior hits you from afar with a +0 trident!
You hit the skeletal warrior but do no damage.
You headbutt the skeletal warrior, but do no damage.
The skeletal warrior is severely damaged.
You hit the skeletal warrior but do no damage.
The skeletal warrior hits you with a +0 hand axe!
The skeletal warrior barely misses you.
13763 ||| READING 2 scrolls of teleportation.
As you read the scroll of teleportation, it crumbles to dust.
You feel strangely unstable.
The skeletal warrior hits you with a +0 hand axe!
The skeletal warrior hits you with a +0 short sword!
You die...

##.#### #.# #.....# #.#
#..##.# ##+# #...#.#
##...## #...#.#
##.....## #.....#
##.......##
###.#...####.........###
...........'.........'..
###.#.z@####.........###
#.##.z#.# #.......## #.
#z##.# ##.....## # #.#
.# ##...## #.# ## ##'##
.. #.# #########.#
..........##
..######...##


You could see 3 skeletal warriors.

Vanquished Creatures
  A two-headed ogre (D:9)
  A skeletal warrior (D:11)
  Amaemon (D:8)
  A lindwurm (shapeshifter) (D:10)
  Maurice (D:8)
  A gargoyle (D:11)
  An orange demon (D:8)
  A troll (D:11)
  Prince Ribbit (D:9)
  Grinder (D:4)
  2 hornets
  Sigmund (D:2)
  A wraith (D:11)
  3 shadows
  18 yaks
  2 wyverns (D:10)
  A steam dragon (D:8)
  Menkaure (D:5)
  A water moccasin (D:9)
  An orc warrior (D:9)
  A black bear (D:7)
  2 ice beasts
  A sky beast (D:7)
  5 ogres
  10 centaurs
  2 kobold brigands
  Blork the orc (D:6)
  A bullfrog (D:7)
  A necrophage (D:5)
  5 scorpions
  5 killer bees (D:8)
  8 howler monkeys
  3 jellies
  3 orc priests
  2 gnoll boudas (D:9)
  3 hounds
  Jessica (D:2)
  Natasha (twice) (D:4)
  4 iguanas
  7 orc wizards
  Robin (D:2)
  21 gnolls
  7 adders
  A white imp (D:8)
  A worm (D:3)
  2 dart slugs
  27 orcs
  7 ball pythons
  5 bats
  8 endoplasms
  4 giant cockroaches
  14 goblins
  9 hobgoblins
  6 jackals
  3 quokkas
  2 frilled lizards
  45 kobolds
  7 rats
  A spectral goblin (D:10)
279 creatures vanquished.

Vanquished Creatures (others)
  A hound (D:6)
1 creature vanquished.

Grand Total: 280 creatures vanquished

Notes
Turn   | Place    | Note
-------+----------+-------------------------------------------
     0 | D:1      | qw the Minotaur Berserker began the quest for the Orb.
     0 | D:1      | Reached XP level 1. HP: 19/19 MP: 0/0
     0 | D:1      | 0 ||| qw: Version: 0.1-a-119-g272c26d
     0 | D:1      | 0 ||| qw: Game counter: 10711
     0 | D:1      | 0 ||| qw: Always use a shield: true
     0 | D:1      | 0 ||| qw: Do Orc after D:15 true
     0 | D:1      | 0 ||| qw: Do second Lair branch before Depths: true
     0 | D:1      | 0 ||| qw: Lair rune preference: random
     0 | D:1      | 0 ||| qw: Plans: Normal
     0 | D:1      | 0 ||| PLANNING D:1-11
    90 | D:1      | Reached skill level 4 in Axes
   450 | D:1      | 450 ||| Stepping ~*~*~tactically~*~*~ (stealth).
   452 | D:1      | Reached XP level 2. HP: 26/26 MP: 1/1
   453 | D:1      | 453 ||| Stepping ~*~*~tactically~*~*~ (stealth).
   802 | D:1      | Reached skill level 5 in Axes
   845 | D:1      | Found a faded altar of an unknown god.
   893 | D:1      | Reached ** piety under Trog
  1132 | D:1      | 1132 ||| UPGRADING to +0 ring mail.
  1142 | D:1      | 1142 ||| DROPPING +0 animal skin.
  1143 | D:1      | 1143 ||| DROPPING amulet of magic regeneration.
  1144 | D:1      | 1144 ||| UPGRADING to +4 ring of evasion.
  1145 | D:1      | 1145 ||| DROPPING ring of magical power.
  1146 | D:1      | 1146 ||| READING scroll labelled HIETYEZXOUMO.
  1147 | D:1      | 1147 ||| READING scroll labelled WERINOCZ VAYMP.
  1148 | D:1      | 1148 ||| READING 3 scrolls labelled FAPNOAZ BON.
  1149 | D:1      | 1149 ||| READING scroll labelled CUL RUAJEUXTE.
  1150 | D:1      | 1150 ||| READING scroll labelled UROTREE FATHRAEMAR.
  1151 | D:1      | 1151 ||| READING scroll labelled HACWEPL VAFROP.
  1152 | D:1      | 1152 ||| READING 2 scrolls of identify.
  1152 | D:1      | 1152 ||| IDENTIFYING metallic yellow potion
  1222 | D:2      | Reached XP level 3. HP: 31/31 MP: 2/2
  1382 | D:2      | 1382 ||| Stepping ~*~*~tactically~*~*~ (stealth).
  1386 | D:2      | Noticed Robin
  1387 | D:2      | 1387 ||| INVOKING Berserk.
  1388 | D:2      | Killed Robin
  1509 | D:2      | Found a runed translucent door.
  1510 | D:2      | Noticed Crazy Yiuf
  1565 | D:2      | Noticed Sigmund
  1569 | D:2      | 1569 ||| INVOKING Berserk.
  1577 | D:2      | Killed Sigmund
  1578 | D:2      | Reached skill level 7 in Axes
  1578 | D:2      | Reached XP level 4. HP: 18/39 MP: 3/3
  1578 | D:2      | Reached XP level 5. HP: 21/45 MP: 4/4
  1771 | D:2      | 1771 ||| Stepping ~*~*~tactically~*~*~ (stealth).
  1954 | D:2      | Noticed Jessica
  1958 | D:2      | Killed Jessica
  2021 | D:2      | Reached XP level 6. HP: 52/52 MP: 5/5
  2313 | D:2      | Reached skill level 8 in Axes
  2545 | D:2      | 2545 ||| UPGRADING to +1 cloak.
  2550 | D:2      | 2550 ||| UPGRADING to ring of protection from cold.
  2551 | D:2      | 2551 ||| READING scroll labelled RYGUENT ILUTYL.
  2696 | D:2      | 2696 ||| READING scroll labelled FAFO YTZIEZEC.
  2739 | D:2      | 2739 ||| DRINKING 3 grey potions.
  2740 | D:2      | 2740 ||| READING 4 scrolls of identify.
  2740 | D:2      | 2740 ||| IDENTIFYING yellow potion
  2741 | D:2      | 2741 ||| DROPPING potion of degeneration.
  3079 | D:3      | 3079 ||| INVOKING Berserk.
  3106 | D:3      | 3106 ||| Stepping ~*~*~tactically~*~*~ (stealth).
  3139 | D:3      | 3139 ||| INVOKING Berserk.
  3144 | D:3      | Reached *** piety under Trog
  3286 | D:3      | 3286 ||| DROPPING +0 club.
  3321 | D:3      | Reached skill level 9 in Axes
  3321 | D:3      | 3321 ||| FLEEEEING.
  3322 | D:3      | 3322 ||| FLEEEEING.
  3323 | D:3      | 3323 ||| FLEEEEING.
  3325 | D:3      | 3325 ||| FLEEEEING.
  3326 | D:3      | 3326 ||| FLEEEEING.
  3327 | D:3      | 3327 ||| FLEEEEING.
  3328 | D:3      | 3328 ||| FLEEEEING.
  3329 | D:3      | 3329 ||| FLEEEEING.
  3330 | D:3      | 3330 ||| FLEEEEING.
  3331 | D:3      | 3331 ||| FLEEEEING.
  3332 | D:3      | 3332 ||| FLEEEEING.
  3333 | D:3      | 3333 ||| FLEEEEING.
  3334 | D:3      | 3334 ||| FLEEEEING.
  3335 | D:3      | 3335 ||| FLEEEEING.
  3336 | D:3      | 3336 ||| FLEEEEING.
  3337 | D:3      | 3337 ||| FLEEEEING.
  3338 | D:3      | 3338 ||| FLEEEEING.
  3340 | D:3      | 3340 ||| FLEEEEING.
  3341 | D:3      | 3341 ||| FLEEEEING.
  3342 | D:3      | 3342 ||| FLEEEEING.
  3343 | D:3      | 3343 ||| FLEEEEING.
  3405 | D:3      | 3405 ||| INVOKING Berserk.
  3415 | D:3      | 3415 ||| Stepping ~*~*~tactically~*~*~ (stealth).
  3420 | D:3      | Reached XP level 7. HP: 50/61 MP: 6/6
  3545 | D:3      | 3545 ||| FLEEEEING.
  3546 | D:3      | 3546 ||| FLEEEEING.
  3547 | D:3      | 3547 ||| FLEEEEING.
  3548 | D:3      | 3548 ||| FLEEEEING.
  3549 | D:3      | 3549 ||| FLEEEEING.
  3550 | D:3      | 3550 ||| FLEEEEING.
  3551 | D:3      | 3551 ||| FLEEEEING.
  3552 | D:3      | 3552 ||| FLEEEEING.
  3553 | D:3      | 3553 ||| FLEEEEING.
  3554 | D:3      | 3554 ||| FLEEEEING.
  3557 | D:3      | Reached **** piety under Trog
  3651 | D:3      | 3651 ||| Stepping ~*~*~tactically~*~*~ (stealth).
  3689 | D:3      | 3689 ||| Stepping ~*~*~tactically~*~*~ (stealth).
  4157 | D:3      | 4157 ||| UPGRADING to +0 scale mail.
  4167 | D:3      | 4167 ||| UPGRADING to +0 chain mail.
  4177 | D:3      | 4177 ||| DROPPING +0 scale mail.
  4178 | D:3      | 4178 ||| DROPPING +0 ring mail.
  4179 | D:3      | 4179 ||| READING 3 scrolls of identify.
  4179 | D:3      | 4179 ||| IDENTIFYING cyan potion
  4180 | D:3      | 4180 ||| READING 2 scrolls of identify.
  4180 | D:3      | 4180 ||| IDENTIFYING fuming black potion
  4181 | D:3      | 4181 ||| DROPPING potion of attraction.
  4182 | D:3      | 4182 ||| DROPPING potion of invisibility.
  4223 | D:4      | 4223 ||| PLANNING OSSUARY
  4224 | D:4      | 4224 ||| STAIRDANCE
  4251 | D:4      | Reached skill level 3 in Armour
  4270 | D:4      | Noticed Grinder
  4271 | D:4      | 4271 ||| Stepping ~*~*~tactically~*~*~ (hiding).
  4272 | D:4      | 4272 ||| Stepping ~*~*~tactically~*~*~ (hiding).
  4274 | D:4      | 4274 ||| INVOKING Berserk.
  4277 | D:4      | Paralysed by Grinder for 2 turns
  4282 | D:4      | Killed Grinder
  4283 | D:4      | Reached skill level 10 in Axes
  4322 | D:4      | 4322 ||| Stepping ~*~*~tactically~*~*~ (stealth).
  4323 | D:4      | 4323 ||| Stepping ~*~*~tactically~*~*~ (stealth).
  4472 | D:4      | Noticed Natasha
  4473 | D:4      | 4473 ||| Stepping ~*~*~tactically~*~*~ (hiding).
  4475 | D:4      | 4475 ||| Stepping ~*~*~tactically~*~*~ (hiding).
  4477 | D:4      | 4477 ||| INVOKING Berserk.
  4478 | D:4      | Killed Natasha
  4636 | D:4      | 4636 ||| INVOKING Berserk.
  4639 | D:4      | Reached XP level 8. HP: 70/70 MP: 7/7
  4658 | D:4      | 4658 ||| FLEEEEING.
  4659 | D:4      | 4659 ||| FLEEEEING.
  4660 | D:4      | 4660 ||| FLEEEEING.
  4661 | D:4      | 4661 ||| FLEEEEING.
  4665 | D:4      | 4665 ||| FLEEEEING.
  4666 | D:4      | 4666 ||| STAIRDANCE
  4768 | D:3      | 4768 ||| READING scroll labelled COZXAOJUOH.
  4777 | D:4      | 4777 ||| Stepping ~*~*~tactically~*~*~ (stealth).
  4841 | D:4      | 4841 ||| RIP OSSUARY
  4862 | D:4      | Found an opulent altar of Gozag.
  4863 | D:4      | 4863 ||| PLANNING D:1-11
  4863 | D:4      | 4863 ||| SWAPPING to +0 war axe.
  4864 | D:4      | 4864 ||| DROPPING +0 spectral hand axe.
  4895 | D:4      | Reached skill level 6 in Fighting
  4996 | D:4      | Noticed Natasha
  4997 | D:4      | 4997 ||| Stepping ~*~*~tactically~*~*~ (stealth).
  5007 | D:4      | Killed Natasha
  5039 | D:4      | 5039 ||| INVOKING Berserk.
  5181 | D:4      | 5181 ||| READING scroll labelled DEISME JAGAPLE.
  5182 | D:4      | 5182 ||| READING scroll labelled TOWIKHL ZUQY.
  5183 | D:4      | 5183 ||| READING 2 scrolls of identify.
  5183 | D:4      | 5183 ||| IDENTIFYING murky clear potion
  5184 | D:4      | 5184 ||| DROPPING potion of magic.
  5185 | D:4      | 5185 ||| Stepping randomly (stuck).
  5186 | D:4      | 5186 ||| Stepping ~*~*~tactically~*~*~ (cloud).
  5280 | D:5      | Entered Level 5 of the Dungeon
  5290 | D:5      | Reached skill level 11 in Axes
  5295 | D:5      | 5295 ||| INVOKING Berserk.
  5302 | D:5      | 5302 ||| STAIRDANCE
  5725 | D:5      | 5725 ||| Stepping ~*~*~tactically~*~*~ (stealth).
  5729 | D:5      | 5729 ||| Stepping ~*~*~tactically~*~*~ (hiding).
  5733 | D:5      | 5733 ||| INVOKING Berserk.
  5742 | D:5      | 5742 ||| DRINKING 4 potions of curing.
  5742 | D:5      | 5742 ||| (to cure confusion)
  5848 | D:5      | Noticed Menkaure
  5849 | D:5      | 5849 ||| Stepping ~*~*~tactically~*~*~ (hiding).
  5852 | D:5      | 5852 ||| INVOKING Berserk.
  5856 | D:5      | Killed Menkaure
  5987 | D:5      | Reached skill level 12 in Axes
  6101 | D:5      | 6101 ||| INVOKING Berserk.
  6239 | D:5      | 6239 ||| INVOKING Berserk.
  6859 | D:5      | 6859 ||| READING scroll labelled CAUTOE EG DIR.
  6860 | D:5      | 6860 ||| READING scroll labelled APIDWEESEM.
  7041 | D:6      | 7041 ||| STAIRDANCE
  7043 | D:5      | 7043 ||| INVOKING Berserk.
  7046 | D:5      | Reached XP level 9. HP: 79/79 MP: 8/8
  7157 | D:6      | 7157 ||| STAIRDANCE
  7200 | D:6      | 7200 ||| INVOKING Berserk.
  7497 | D:6      | 7497 ||| Stepping ~*~*~tactically~*~*~ (hiding).
  7498 | D:6      | 7498 ||| Stepping ~*~*~tactically~*~*~ (hiding).
  7600 | D:6      | 7600 ||| INVOKING Berserk.
  7812 | D:6      | Noticed Blork the orc
  7814 | D:6      | 7814 ||| INVOKING Berserk.
  7816 | D:6      | Killed Blork the orc
  7817 | D:6      | Reached skill level 13 in Axes
  7940 | D:6      | Found a staircase to the Ecumenical Temple.
  8122 | D:7      | 8122 ||| Stepping ~*~*~tactically~*~*~ (stealth).
  8123 | D:7      | 8123 ||| Stepping ~*~*~tactically~*~*~ (stealth).
  8126 | D:7      | 8126 ||| Stepping ~*~*~tactically~*~*~ (stealth).
  8311 | D:7      | 8311 ||| READING scroll of enchant weapon.
  8311 | D:7      | 8311 ||| ENCHANTING +1 war axe.
  8342 | D:7      | Paralysed by a hornet for 3 turns
  8530 | D:7      | Reached skill level 14 in Axes
  8566 | D:7      | 8566 ||| FLEEEEING.
  8577 | D:7      | 8577 ||| FLEEEEING.
  8580 | D:7      | 8580 ||| FLEEEEING.
  8581 | D:7      | 8581 ||| FLEEEEING.
  8582 | D:7      | 8582 ||| FLEEEEING.
  8583 | D:7      | 8583 ||| FLEEEEING.
  8590 | D:7      | 8590 ||| STAIRDANCE
  8692 | D:6      | 8692 ||| DRINKING 2 bubbling orange potions.
  8714 | D:7      | Reached skill level 3 in Dodging
  8718 | D:7      | 8718 ||| Stepping ~*~*~tactically~*~*~ (stealth).
  8727 | D:7      | 8727 ||| Stepping ~*~*~tactically~*~*~ (stealth).
  8752 | D:7      | 8752 ||| INVOKING Berserk.
  8959 | D:7      | 8959 ||| READING scroll of brand weapon.
  8959 | D:7      | 8959 ||| BRANDING +2 war axe.
  9322 | D:8      | 9322 ||| INVOKING Berserk.
  9408 | D:8      | Noticed Amaemon
  9409 | D:8      | Noticed an orange demon
  9410 | D:8      | 9410 ||| INVOKING Berserk.
  9416 | D:8      | Killed an orange demon
  9416 | D:8      | Killed Amaemon
  9417 | D:8      | Reached skill level 15 in Axes
  9417 | D:8      | Reached XP level 10. HP: 89/90 MP: 9/9
  9625 | D:8      | 9625 ||| DROPPING +0 flail.
  9681 | D:8      | 9681 ||| Stepping ~*~*~tactically~*~*~ (hiding).
  9690 | D:8      | Reached skill level 9 in Fighting
  9705 | D:8      | 9705 ||| FLEEEEING.
  9708 | D:8      | 9708 ||| STAIRDANCE
  9770 | D:8      | Noticed Maurice
  9778 | D:8      | Killed Maurice
  9779 | D:8      | Reached skill level 6 in Armour
 10123 | D:8      | 10123 ||| FLEEEEING.
 10124 | D:8      | 10124 ||| FLEEEEING.
 10125 | D:8      | 10125 ||| FLEEEEING.
 10126 | D:8      | 10126 ||| FLEEEEING.
 10127 | D:8      | 10127 ||| FLEEEEING.
 10128 | D:8      | 10128 ||| FLEEEEING.
 10129 | D:8      | 10129 ||| FLEEEEING.
 10130 | D:8      | 10130 ||| FLEEEEING.
 10131 | D:8      | 10131 ||| FLEEEEING.
 10132 | D:8      | 10132 ||| FLEEEEING.
 10133 | D:8      | 10133 ||| FLEEEEING.
 10134 | D:8      | 10134 ||| FLEEEEING.
 10135 | D:8      | 10135 ||| FLEEEEING.
 10136 | D:8      | 10136 ||| FLEEEEING.
 10137 | D:8      | 10137 ||| FLEEEEING.
 10138 | D:8      | 10138 ||| FLEEEEING.
 10139 | D:8      | 10139 ||| FLEEEEING.
 10140 | D:8      | 10140 ||| FLEEEEING.
 10141 | D:8      | 10141 ||| FLEEEEING.
 10144 | D:8      | 10144 ||| FLEEEEING.
 10145 | D:8      | 10145 ||| FLEEEEING.
 10146 | D:8      | 10146 ||| FLEEEEING.
 10147 | D:8      | 10147 ||| FLEEEEING.
 10150 | D:8      | 10150 ||| FLEEEEING.
 10152 | D:8      | 10152 ||| FLEEEEING.
 10154 | D:8      | 10154 ||| FLEEEEING.
 10155 | D:8      | 10155 ||| FLEEEEING.
 10156 | D:8      | 10156 ||| FLEEEEING.
 10159 | D:8      | 10159 ||| FLEEEEING.
 10167 | D:8      | 10167 ||| STAIRDANCE
 10268 | D:7      | 10268 ||| DRINKING 2 blue potions.
 10372 | D:7      | 10372 ||| DROPPING potion of berserk rage.
 10687 | D:8      | Found a sparkling altar of Nemelex Xobeh.
 10740 | D:8      | 10740 ||| READING scroll labelled FEROEZU YTIO.
 10741 | D:8      | 10741 ||| DRINKING 2 fuming puce potions.
 10742 | D:8      | 10742 ||| DROPPING potion of brilliance.
 10763 | D:9      | 10763 ||| Stepping ~*~*~tactically~*~*~ (stealth).
 10799 | D:9      | Noticed Prince Ribbit
 10808 | D:9      | Killed Prince Ribbit
 10844 | D:9      | 10844 ||| INVOKING Berserk.
 10849 | D:9      | Reached skill level 16 in Axes
 11127 | D:9      | 11127 ||| Stepping ~*~*~tactically~*~*~ (stealth).
 11128 | D:9      | 11128 ||| Stepping ~*~*~tactically~*~*~ (stealth).
 11276 | D:9      | 11276 ||| Stepping ~*~*~tactically~*~*~ (hiding).
 11280 | D:9      | 11280 ||| INVOKING Berserk.
 11361 | D:9      | Noticed a two-headed ogre
 11366 | D:9      | 11366 ||| INVOKING Berserk.
 11368 | D:9      | Killed a two-headed ogre
 11369 | D:9      | Reached XP level 11. HP: 101/101 MP: 10/10
 11580 | D:9      | 11580 ||| INVOKING Berserk.
 11838 | D:9      | 11838 ||| UPGRADING to scarf of repulsion.
 11848 | D:9      | 11848 ||| READING scroll labelled ZIMONTELIMN.
 11853 | D:10     | Entered Level 10 of the Dungeon
 11870 | D:10     | Found a staircase to the Orcish Mines.
 11931 | D:10     | 11931 ||| FLEEEEING.
 11933 | D:10     | 11933 ||| FLEEEEING.
 11934 | D:10     | 11934 ||| FLEEEEING.
 11935 | D:10     | 11935 ||| FLEEEEING.
 11936 | D:10     | 11936 ||| FLEEEEING.
 11937 | D:10     | 11937 ||| FLEEEEING.
 11938 | D:10     | 11938 ||| FLEEEEING.
 11939 | D:10     | 11939 ||| FLEEEEING.
 11940 | D:10     | 11940 ||| FLEEEEING.
 11941 | D:10     | 11941 ||| FLEEEEING.
 11942 | D:10     | 11942 ||| FLEEEEING.
 11943 | D:10     | 11943 ||| FLEEEEING.
 11944 | D:10     | 11944 ||| FLEEEEING.
 11945 | D:10     | 11945 ||| FLEEEEING.
 11946 | D:10     | 11946 ||| FLEEEEING.
 11947 | D:10     | 11947 ||| FLEEEEING.
 11948 | D:10     | 11948 ||| FLEEEEING.
 11950 | D:10     | 11950 ||| FLEEEEING.
 11951 | D:10     | 11951 ||| FLEEEEING.
 12045 | D:10     | Found a radiant altar of Vehumet.
 12087 | D:10     | 12087 ||| Stepping ~*~*~tactically~*~*~ (stealth).
 12088 | D:10     | 12088 ||| INVOKING Berserk.
 12089 | D:10     | Noticed a lindwurm
 12089 | D:10     | a cyclops changed into a lindwurm
 12091 | D:10     | Killed a lindwurm
 12092 | D:10     | Reached skill level 12 in Fighting
 12095 | D:10     | 12095 ||| Stepping ~*~*~tactically~*~*~ (stealth).
 12330 | D:10     | Found a basalt altar of Yredelemnul.
 12380 | D:10     | Found an ornate altar of the Wu Jian Council.
 12523 | D:10     | Found an iron altar of Okawaru.
 12625 | D:10     | Found a hazy altar of Hepliaklqana.
 12670 | D:10     | Found a bloodstained altar of Trog.
 12670 | D:10     | Paralysed by a hornet for 3 turns
 12677 | D:10     | Paralysed by a hornet for 3 turns
 12680 | D:10     | 12680 ||| INVOKING Berserk.
 12680 | D:10     | HP: 29/156 [hornet (12)]
 12683 | D:10     | HP: 14/156 [poisoned by a hornet]
 12685 | D:10     | HP: 4/104 [poisoned by a hornet]
 12686 | D:10     | 12686 ||| DRINKING 7 potions of curing.
 12686 | D:10     | 12686 ||| (to cure poison)
 13296 | D:11     | 13296 ||| INVOKING Berserk.
 13669 | D:11     | 13669 ||| Stepping ~*~*~tactically~*~*~ (stealth).
 13736 | D:11     | Noticed a skeletal warrior
 13737 | D:11     | 13737 ||| Stepping ~*~*~tactically~*~*~ (hiding).
 13738 | D:11     | 13738 ||| Stepping ~*~*~tactically~*~*~ (hiding).
 13739 | D:11     | 13739 ||| Stepping ~*~*~tactically~*~*~ (hiding).
 13742 | D:11     | 13742 ||| INVOKING Berserk.
 13750 | D:11     | Noticed a skeletal warrior
 13753 | D:11     | Noticed a skeletal warrior
 13753 | D:11     | Noticed a skeletal warrior
 13754 | D:11     | Killed a skeletal warrior
 13762 | D:11     | HP: 22/106 [skeletal warrior/+0 hand axe (17)]
 13763 | D:11     | 13763 ||| READING 2 scrolls of teleportation.
 13763 | D:11     | HP: 7/106 [skeletal warrior/+0 hand axe (16)]
 13763 | D:11     | Slain by a skeletal warrior

Levels and vault maps discovered:
D:1:      eino_arrival_water_cross, layout_basic, ebering_ecumenical_altar_box,
          minmay_box_of_dots
D:2:      layout_basic, uniq_robin, uniq_sigmund, uniq_jessica,
          uniq_crazy_yiuf_cottage
D:3:      minmay_goblin_kobold_castle, layout_loops_ring,
          kennysheep_generic_room_9
D:4:      layout_gridville, mainiacjoe_overflow_brackets,
          nicolae_ossuary_entry_false_entrances, serial_glass, glass_columns_c,
          glass_columns_a, minmay_strange_pillars,
          amcnicky_mini_rare_corridor_liquid, uniq_grinder, uniq_natasha
D:5:      layout_basic, uniq_menkaure
D:6:      layout_basic, lemuel_temple_firewalk_b, uniq_blork_the_orc
D:7:      layout_basic
D:8:      layout_basic, marbit_many_paths, uniq_amaemon, uniq_maurice
D:9:      layout_roguey, minivault_1, minmay_crystal_room, uniq_prince_ribbit1
D:10:     layout_roguey, vehumet_crystals,
          nicolae_hepliaklqana_monster_ancestors, mainiacjoe_overflow_swirl,
          mainiacjoe_overflow_small_starburst,
          mainiacjoe_overflow_cross_hatched, orc_0_dummy
D:11:     layout_loops_corners, lair_entry_dummy, uniq_nergalle

Skill      XL: |  1  2  3  4  5  6  7  8  9 10 11 |
---------------+----------------------------------+-----
Axes           | 4 5 7 9 10 12 15 16 | 16.0
Fighting       | 4 5 7 8 10 12 | 12.9
Armour         | 3 4 5 7 8 |  8.0
Dodging        | 3 4 5 |  5.0

Action                   |  1- 3 |  4- 6 |  7- 9 | 10-12 || total
-------------------------+-------+-------+-------+-------++-------
Melee: Hand axe          |    64 |    75 |    64 |       ||   203
       Headbutt          |     9 |     6 |    43 |    44 ||   102
       Punch             |       |       |     4 |     3 ||     7
       War axe           |       |       |   192 |   216 ||   408
Invok: Berserk           |     2 |     3 |    16 |     8 ||    29
  Use: Scroll            |     7 |     3 |    10 |     3 ||    23
       Potion            |       |     1 |     2 |     3 ||     6
 Stab: Distracted        |       |     1 |       |     1 ||     2
Armor: Animal skin       |     5 |       |       |       ||     5
       Ring mail         |     3 |    22 |     4 |       ||    29
       Chain mail        |       |       |    65 |    58 ||   123
Dodge: Dodged            |    26 |    32 |   113 |   100 ||   271

Table legend:
 A = Non-vault XP
 B = Vault XP
 C = Vault XP percentage of total XP
 D = Non-vault monster count
 E = Vault monster count
 F = Vault count percentage of total count
                 A         B        C        D         E       F
            +---------+---------+-------+---------+---------+-------
      Total |   13947 |    3007 |  17.7 |     209 |      70 |  25.1
            +---------+---------+-------+---------+---------+-------
        D:1 |      39 |       0 |   0.0 |      23 |       0 |   0.0
        D:2 |      65 |     302 |  82.3 |      18 |       9 |  33.3
        D:3 |     197 |     271 |  57.9 |      20 |      50 |  71.4
        D:4 |     552 |     313 |  36.2 |      25 |       2 |   7.4
        D:5 |     920 |     169 |  15.5 |      21 |       1 |   4.5
        D:6 |     349 |      96 |  21.6 |       8 |       1 |  11.1
        D:7 |    2052 |       0 |   0.0 |      23 |       0 |   0.0
        D:8 |    1015 |    1570 |  60.7 |      13 |       4 |  23.5
        D:9 |    3297 |     283 |   7.9 |      33 |       1 |   2.9
       D:10 |    3165 |       3 |   0.1 |      13 |       2 |  13.3
       D:11 |    2296 |       0 |   0.0 |      12 |       0 |   0.0
            +---------+---------+-------+---------+---------+-------
